 Dungeon Sprint DCSS version 0.29-a0-284-gf9362112df (webtiles) character file.

Game seed: 15974853346389936698

45129 mhtbhm the Ninja (level 14, -16/112 HPs)
             Began as a Kobold Berserker on Mar 26, 2022.
             Was an Elder of Trog.
             Demolished by Frederick
             ... wielding a +1 great sword of holy wrath
              (26 damage)
             ... while paralysed by a floating eye
             ... in the Dungeon (Sprint VII: "The Pits").
             The game lasted 00:12:04 (4239 turns).

mhtbhm the Ninja (Kobold Berserker)                 Turns: 4239, Time: 00:12:05

Health: -16/112    AC: 16    Str: 18    XL:     14   Next: 69%
Magic:  14/14      EV:  3    Int:  9    God:    Trog [****..]
Gold:   37         SH:  0    Dex: 17    Spells: 13/13 levels left

rFire   . . .      SeeInvis .   a - +10 quick blade of the Poles {vorpal, Dex+2}
rCold   . . .      Faith    .   (no shield)
rNeg    . . .      Spirit   .   b - +2 acid dragon scales
rPois   +          Reflect  .   (no helmet)
rElec   .          Harm     .   (no cloak)
rCorr   +          Rampage  .   n - +0 pair of gloves
Will    +....      NoTele   +   (no boots)
Stlth   ++++++++++              y - amulet of magic regeneration
HPRegen 0.28/turn               l - +3 ring of protection
MPRegen 0.54/turn               q - ring of poison resistance

@: paralysed, on berserk cooldown, slowed
A: small, no large weapons, nightstalker 3
a: Renounce Religion, Berserk, Trog's Hand, Brothers in Arms


You were in the Dungeon.
You worshipped Trog.
Trog was greatly pleased with you.
You visited 1 branch You collected 37 gold pieces.

Inventory:

Hand Weapons
 a - the +10 quick blade of the Poles (weapon) {vorpal, Dex+2}
   (Trog gifted it to you in the Dungeon)

   It inflicts extra damage upon your enemies.
   Dex:       It affects your dexterity (+2).
 z - the +2 broad axe of Tumult {vamp, rC+}
   (You found it in the Dungeon)

   It occasionally heals its wielder for a portion of the damage dealt when it
   wounds a living foe.
   rC:        It protects you from cold.
Armour
 b - +2 acid dragon scales (worn)
 n - a +0 pair of gloves (worn)
 A - a +3 plate armour of fire resistance
Jewellery
 k - a ring of positive energy
 l - a +3 ring of protection (left hand)
 p - a ring of protection from fire
 q - a ring of poison resistance (right hand)
 x - a ring of protection from fire
 y - an amulet of magic regeneration (around neck)
Scrolls
 h - 2 scrolls of blinking
 j - a scroll of summoning
 o - a scroll of silence
 r - a scroll of identify
 t - 3 scrolls of fear
 u - 2 scrolls of enchant armour
 v - 2 scrolls of enchant weapon
Potions
 c - 11 potions of curing
 d - 8 potions of heal wounds
 f - 4 potions of magic
 g - 6 potions of berserk rage
 m - a potion of attraction {unknown}
Miscellaneous
 s - a piece from Xom's chessboard (15/15)


   Skills:
 + Level 22.4 Fighting
 + Level 22.2 Short Blades
 + Level 13.2 Armour
 + Level 16.7 Dodging
 O Level 27 Stealth
 + Level 1.6 Evocations


You had 13 spell levels left.
You didn't know any spells.
Your spell library was empty.

Dungeon Overview and Level Annotations

Branches:
Dungeon (1/1)

Altars:

Annotations:
D Frederick


Innate Abilities, Weirdness & Mutations

You are small and have problems with some larger weapons.
You are completely attuned to the shadows.


Message History

You impale Frederick!!
Frederick is lightly wounded.
You completely miss Frederick.
Frederick is lightly wounded.
You puncture Frederick!
Frederick is moderately wounded.
You hit Frederick but do no damage.
Frederick is moderately wounded.
You barely miss Frederick.
Frederick is moderately wounded.
Frederick hits you with a +1 great sword of holy wrath!
You puncture Frederick!
Frederick is moderately wounded.
You impale Frederick!!
Frederick is heavily wounded.
You puncture Frederick!
Frederick is severely wounded.
You hit Frederick but do no damage.
Frederick is severely wounded.
You puncture Frederick!
Frederick is severely wounded.
Frederick hits you with a +1 great sword of holy wrath!!
* * * LOW HITPOINT WARNING * * *
The floating eye gazes piercingly through you!
You suddenly lose the ability to move!
You are no longer berserk.
You feel yourself slow down. The floating eye's view fixates on you.
Frederick hits you with a +1 great sword of holy wrath.
* * * LOW HITPOINT WARNING * * *
The floating eye gazes piercingly through you!
You shrug off the repeated paralysis!
Frederick hits you with a +1 great sword of holy wrath!
* * * LOW HITPOINT WARNING * * *
The floating eye's view fixates on you. Frederick hits you but does no damage.
The floating eye gazes piercingly through you!
You shrug off the repeated paralysis!
Frederick hits you with a +1 great sword of holy wrath!!
You die...

#ยง# #'# #.# #'#
#)# #9# #G# #@#
#@# #'# #.# #'#
################'#
.................#
.......)........)#
+##############..#
#..#


You could see Frederick, a spellforged servitor (summoned) and a floating eye.

Vanquished Creatures
  An ancient lich (D)
  Mara (D)
  2 pandemonium lords (D)
  An Ice Fiend (D)
  A death cob (D)
  A nagaraja (D)
  A balrug (D)
  A spriggan defender (D)
  A purple draconian (D)
  A white draconian (D)
  2 minotaurs (D)
  An eidolon (D)
  A green death (D)
  A great orb of eyes (D)
  2 merfolk avatars (D)
  5 death yaks (D)
  A soul eater (D)
  A sun demon (D)
  A shadow wraith (D)
  A sea snake (D)
  A flayed ghost (D)
  A deep elf zephyrmancer (D)
  A necromancer (D)
  A deep elf pyromancer (D)
  A manticore (D)
  A cyclops (D)
  An ugly thing (D)
  A moth of wrath (D)
  A guardian serpent (D)
  An elephant (D)
  An unseen horror (D)
  2 rime drakes (D)
  Psyche (D)
  2 yaktaurs (D)
  A komodo dragon (D)
  2 kobold demonologists (D)
  An ice devil (D)
  A hellwing (D)
  A red devil (D)
  A polar bear (D)
  2 tarantellas (D)
  A tyrant leech (D)
  A hornet (D)
  3 blink frogs (D)
  17 dream sheep (D)
  2 snapping turtles (D)
  A spriggan (D)
  A wraith (D)
  A shadow (D)
  A fire elemental (D)
  A steam dragon (D)
  2 redbacks (D)
  A warg (D)
  A floating eye (D)
  A swamp drake (D)
  An orc warrior (D)
  An ice beast (D)
  A black bear (D)
  2 wolves (D)
  A phantom (D)
  Blork the orc (D)
  A scorpion (D)
  A hound (D)
  2 gnoll shamans (D)
  An iron imp (D)
  2 iguanas (D)
  An orc wizard (D)
  Terence (D)
  6 gnolls (D)
  An adder (D)
  3 river rats (D)
  An adder zombie (D)
  A worm (D)
  7 orcs (D)
  A bat skeleton (D)
  An endoplasm (D)
  A hobgoblin (D)
  A kobold (D)
  A quokka (D)
  A ball python skeleton (D)
  2 bats (D)
  A frilled lizard (D)
  A goblin (D)
  A quokka zombie (D)
132 creatures vanquished.

Vanquished Creatures (collateral kills)
  A pandemonium lord (D)
  A death knight (D)
  A necromancer (D)
  A deep elf zephyrmancer (D)
  A freezing wraith (D)
  2 blink frogs (D)
  A small abomination (D)
  A spriggan (D)
  A wyvern (D)
  A chaos spawn (D)
  4 wolves (D)
  An iguana (D)
  A hell rat (D)
  3 gnolls (D)
  A frilled lizard (D)
21 creatures vanquished.

Grand Total: 153 creatures vanquished

Notes
Turn   | Place    | Note
-------+----------+-------------------------------------------
     0 | D        | mhtbhm the Kobold Berserker began the quest for the Orb.
     0 | D        | Reached XP level 1. HP: 14/14 MP: 1/1
    30 | D        | Reached skill level 5 in Short Blades
    30 | D        | Reached XP level 2. HP: 15/20 MP: 2/2
   219 | D        | Reached ** piety under Trog
   224 | D        | Reached skill level 1 in Stealth
   224 | D        | Reached XP level 3. HP: 25/25 MP: 3/3
   318 | D        | Reached *** piety under Trog
   319 | D        | Reached skill level 5 in Fighting
   489 | D        | Noticed an orc warrior
   507 | D        | Killed an orc warrior
   508 | D        | Reached skill level 4 in Stealth
   508 | D        | Reached XP level 4. HP: 20/32 MP: 4/4
   508 | D        | Reached XP level 5. HP: 23/37 MP: 5/5
   513 | D        | Reached **** piety under Trog
   514 | D        | Reached skill level 5 in Stealth
   568 | D        | Noticed Terence
   573 | D        | Killed Terence
   616 | D        | Reached ***** piety under Trog
   649 | D        | Noticed a warg
   670 | D        | Killed a warg
   670 | D        | Received a gift from Trog
   671 | D        | Reached skill level 10 in Short Blades
   671 | D        | Reached skill level 5 in Dodging
   671 | D        | Reached skill level 6 in Stealth
   671 | D        | Reached XP level 6. HP: 9/45 MP: 6/6
   946 | D        | Reached skill level 7 in Stealth
   972 | D        | Noticed a wraith
   985 | D        | Killed a wraith
   986 | D        | Reached XP level 7. HP: 52/52 MP: 7/7
  1033 | D        | Noticed Blork the orc
  1037 | D        | Reached skill level 8 in Stealth
  1044 | D        | Killed Blork the orc
  1045 | D        | Reached skill level 10 in Fighting
  1045 | D        | Reached skill level 5 in Armour
  1243 | D        | Identified the +9 quick blade of Division {flame, Dex+6}
                  | (Trog gifted it to you in the Dungeon)
  1243 | D        | Received a gift from Trog
  1244 | D        | Reached skill level 9 in Stealth
  1244 | D        | Reached XP level 8. HP: 59/59 MP: 8/8
  1442 | D        | Noticed a tarantella
  1445 | D        | Noticed a rime drake
  1450 | D        | Killed a tarantella
  1451 | D        | Reached skill level 10 in Stealth
  1453 | D        | Killed a rime drake
  1454 | D        | Reached skill level 11 in Stealth
  1502 | D        | Noticed a shadow
  1505 | D        | Killed a shadow
  1506 | D        | Reached XP level 9. HP: 65/65 MP: 9/9
  1510 | D        | Reached ****** piety under Trog
  1557 | D        | Noticed a deep elf zephyrmancer
  1558 | D        | Noticed a minotaur
  1569 | D        | Killed a minotaur
  1570 | D        | Reached skill level 13 in Stealth
  1575 | D        | Killed a deep elf zephyrmancer
  1575 | D        | Identified the +10 quick blade of the Poles {vorpal, Dex+2}
                  | (Trog gifted it to you in the Dungeon)
  1575 | D        | Received a gift from Trog
  1576 | D        | Reached skill level 14 in Stealth
  1576 | D        | Reached XP level 10. HP: 72/73 MP: 10/10
  1612 | D        | Noticed a komodo dragon
  1613 | D        | Noticed an ice devil
  1622 | D        | Killed a komodo dragon
  1629 | D        | Killed an ice devil
  1737 | D        | Noticed a deep elf pyromancer
  1754 | D        | Killed a deep elf pyromancer
  1755 | D        | Reached skill level 15 in Stealth
  1861 | D        | Received a gift from Trog
  1862 | D        | Reached skill level 15 in Short Blades
  1879 | D        | Reached skill level 10 in Armour
  1880 | D        | Noticed a death knight
  1887 | D        | Killed a death knight
  1888 | D        | Reached skill level 16 in Stealth
  1888 | D        | Reached XP level 11. HP: 80/80 MP: 11/11
  2120 | D        | Noticed an eidolon
  2136 | D        | Received a gift from Trog
  2137 | D        | Reached skill level 15 in Fighting
  2152 | D        | Killed an eidolon
  2159 | D        | Reached skill level 17 in Stealth
  2165 | D        | Received a gift from Trog
  2284 | D        | Noticed a death cob
  2289 | D        | Noticed a cyclops
  2303 | D        | Killed a death cob
  2316 | D        | Killed a cyclops
  2317 | D        | Reached skill level 10 in Dodging
  2319 | D        | Received a gift from Trog
  2336 | D        | Received a gift from Trog
  2340 | D        | Reached skill level 18 in Stealth
  2349 | D        | Reached XP level 12. HP: 56/90 MP: 12/12
  2660 | D        | Noticed Psyche
  2671 | D        | Killed Psyche
  2676 | D        | Received a gift from Trog
  2728 | D        | Noticed a flayed ghost
  2736 | D        | Killed a shadow wraith
  2743 | D        | Killed a flayed ghost
  2822 | D        | Noticed a sun demon
  2835 | D        | Killed a sun demon
  2867 | D        | Noticed a soul eater
  2870 | D        | Received a gift from Trog
  2871 | D        | Reached skill level 19 in Stealth
  2882 | D        | Killed a soul eater
  2900 | D        | Identified the +13 short sword of Befoykat {vorpal, Str+3}
                  | (Trog gifted it to you in the Dungeon)
  2900 | D        | Received a gift from Trog
  3063 | D        | Noticed a death yak
  3063 | D        | Noticed a death yak
  3063 | D        | Noticed a death yak
  3063 | D        | Noticed a spriggan defender
  3064 | D        | Noticed a death yak
  3074 | D        | Killed a spriggan defender
  3075 | D        | Noticed a death yak
  3086 | D        | Killed a death yak
  3090 | D        | Reached skill level 20 in Stealth
  3292 | D        | Killed a death yak
  3301 | D        | Killed a death yak
  3302 | D        | Reached XP level 13. HP: 99/99 MP: 13/13
  3376 | D        | Got the +2 broad axe of Tumult {vamp, rC+}
  3439 | D        | Noticed Xagicw the pandemonium lord
  3451 | D        | Paralysed by a floating eye for 3 turns
  3454 | D        | Killed Xagicw the pandemonium lord
  3455 | D        | Reached skill level 21 in Stealth
  3513 | D        | Noticed an Ice Fiend
  3515 | D        | Killed an Ice Fiend
  3515 | D        | Received a gift from Trog
  3517 | D        | Noticed Mara
  3519 | D        | Killed Mara
  3520 | D        | Reached skill level 22 in Stealth
  3528 | D        | Noticed Warozam the pandemonium lord
  3530 | D        | Killed Warozam the pandemonium lord
  3713 | D        | Noticed a nagaraja
  3715 | D        | Noticed a minotaur
  3715 | D        | Noticed a merfolk avatar
  3717 | D        | Received a gift from Trog
  3719 | D        | Killed a merfolk avatar
  3734 | D        | Reached skill level 23 in Stealth
  3748 | D        | Killed a nagaraja
  3748 | D        | Received a gift from Trog
  3749 | D        | Reached skill level 15 in Dodging
  3755 | D        | Reached XP level 14. HP: 110/110 MP: 14/14
  3764 | D        | Killed a minotaur
  3779 | D        | Identified the +5 dagger of Indomitability {antimagic, rF+
                  | Dex+3} (Trog gifted it to you in the Dungeon)
  3779 | D        | Received a gift from Trog
  3780 | D        | Reached skill level 24 in Stealth
  3812 | D        | Received a gift from Trog
  4088 | D        | Noticed a balrug
  4090 | D        | Killed a balrug
  4091 | D        | Reached skill level 25 in Stealth
  4092 | D        | Noticed a purple draconian
  4092 | D        | Noticed an ancient lich
  4092 | D        | Noticed Ilumumuw the pandemonium lord
  4092 | D        | Noticed a white draconian
  4095 | D        | Received a gift from Trog
  4154 | D        | Killed Ilumumuw the pandemonium lord
  4169 | D        | Killed a white draconian
  4170 | D        | Reached skill level 26 in Stealth
  4185 | D        | Paralysed by a floating eye for 4 turns
  4196 | D        | Paralysed by a floating eye for 2 turns
  4196 | D        | Noticed Frederick
  4213 | D        | Killed an ancient lich
  4213 | D        | Paralysed by a floating eye for 2 turns
  4214 | D        | Reached skill level 1 in Evocations
  4225 | D        | Killed a purple draconian
  4226 | D        | Reached skill level 27 in Stealth
  4235 | D        | Paralysed by a floating eye for 4 turns
  4239 | D        | Demolished by Frederick

Illustrated notes

Levels and vault maps discovered:
D:        pitsprint [storerooms_1, entrance_room_1, metal_vault_2, armoury_2,
          mini_pit_1, grid_room_1, main_hall_1, silver_pit, the_coven_3,
          the_vestibule_1, steel_vault_1, golden_pit, hallway_of_sentries,
          crystal_vault_3, iron_vault_3, final_vault]

Skill      XL: |  1  2  3  4  5  6  7  8  9 10 11 12 13 14 |
---------------+-------------------------------------------+-----
Fighting       | 4 6 8 9 10 11 13 14 16 18 21 22 | 22.4
Short Blades   | 5 8 10 11 12 13 14 15 17 19 21 22 | 22.2
Dodging        | 3 4 5 6 7 8 10 12 15 16 | 16.7
Armour         | 2 4 5 7 8 10 11 12 13 | 13.2
Stealth        | 1 4 6 7 9 11 14 16 18 20 23 27 | 27.0
Evocations     | 1 |  1.6

Action                   |  1- 3 |  4- 6 |  7- 9 | 10-12 | 13-15 || total
-------------------------+-------+-------+-------+-------+-------++-------
Melee: Short sword       |     7 |       |       |       |       ||     7
       Dagger            |    33 |    59 |    23 |       |       ||   115
       Punch             |       |     1 |     1 |     4 |     5 ||    11
       Quick blade       |       |       |    34 |   268 |   252 ||   554
Invok: Berserk           |     2 |     3 |     4 |     9 |     3 ||    21
       Brothers in Arms  |       |       |       |     3 |     9 ||    12
       Trog's Hand       |       |       |       |       |     1 ||     1
Evoke: Piece from Xom's  |       |       |       |       |     3 ||     3
  Use: Potion            |     1 |       |       |     3 |    12 ||    16
       Scroll            |       |       |       |       |     1 ||     1
 Stab: Sleeping          |     4 |       |     3 |     7 |    11 ||    25
       Confused          |       |       |     1 |       |       ||     1
       Distracted        |       |       |       |     1 |     3 ||     4
       Invisible         |       |       |       |       |     5 ||     5
Armor: Chain mail        |     1 |     7 |    10 |       |       ||    18
       Ring mail         |       |       |     4 |    54 |    20 ||    78
       Acid dragon scale |       |       |       |       |     7 ||     7
Dodge: Dodged            |    19 |    16 |    15 |   126 |    85 ||   261

Table legend: (Time is in decaauts)
 A = Elapsed time spent in this place.
 B = Non-inter-level travel time spent in this place.
 C = Inter-level travel time spent in this place.
 D = Time resting spent in this place.
 E = Time spent auto-exploring this place.
 F = Levels seen in this place.
 G = Mean time per level.
                   A        B        C        D        E       F      G
               +--------+--------+--------+--------+--------+-----+--------+
         Total |   3968 |   3968 |      0 |   2332 |     25 |   1 | 3968.0 |
       Dungeon |   3968 |   3968 |      0 |   2332 |     25 |   1 | 3968.0 |
               +--------+--------+--------+--------+--------+-----+--------+

Top non-repeatable levels by time:
       D: 3968 daAuts
